 Dungeon Crawl Stone Soup version 0.28-a0-1415-g7c84da036a (webtiles) character file.

Game seed: 2711882661171221337

1 eustatius the Caller (level 1, 19/19 HPs)
             Began as a Troll Wanderer on Jan 8, 2022.
             Quit the game on level 1 of the Dungeon.
             The game lasted 00:01:07 (95 turns).

eustatius the Caller (Troll Wanderer)                 Turns: 95, Time: 00:01:08

Health: 19/19      AC:  4    Str: 17    XL:     1   Next: 16%
Magic:  0/1        EV:  9    Int:  8    God:
Gold:   0          SH:  0    Dex: 11    Spells: 1/2 levels left

rFire   . . .      SeeInvis .   a - +0 hunting sling
rCold   . . .      Faith    .   (no shield)
rNeg    . . .      Spirit   .   d - +0 robe
rPois   .          Reflect  .   c - +0 hat
rElec   .          Harm     .   (no cloak)
rCorr   .          Rampage  .   (gloves unavailable)
Will    .....                   (boots unavailable)
Stlth   +.........              (no amulet)
HPRegen 0.86/turn               (no ring)
MPRegen 0.07/turn               (no ring)

@: no status effects
A: large, unfitting armour, claws 3, regeneration 1, shaggy fur 1, tough skin 1
a: no special abilities


You were on level 1 of the Dungeon.
You visited 1 branch of the dungeon, and saw 1 of its levels.

Inventory:

Hand Weapons
 a - a +0 hunting sling (weapon)
Missiles
 b - 17 sling bullets (quivered ammo)
 e - 31 stones (quivered)
Armour
 c - a +0 hat (worn)
 d - a +0 robe (worn)


   Skills:
 + Level 1.0 Fighting
 + Level 1.0 Slings
 + Level 1.5 Dodging
 + Level 1.0 Spellcasting
 + Level 3.0 Summonings
 + Level 1.0 Evocations


You had one spell level left.
You knew the following spells:

 Your Spells              Type           Power      Damage    Failure   Level
a - Summon Small Mammal   Summ           20%        N/A       12%         1

Your spell library contained the following spells:

 Spells                   Type           Power      Damage    Failure   Level
 Summon Guardian Golem    Hex/Summ       2%         N/A       54%         3
 Summon Lightning Spire   Summ/Air       2%         N/A       91%         4


Dungeon Overview and Level Annotations

Branches:
Dungeon (1/15)

Altars:


Innate Abilities, Weirdness & Mutations

You are too large for most types of armour.
You have claws for hands.
Your natural rate of healing is unusually fast.
You are covered in fur. (AC +1)
You have tough skin. (AC +1)


Message History

Press: ? - help, Q - select action, (/) - cycle Shift-Dir - straight line, f/p - goblin
Aim: a goblin, wielding a +0 club (moderately wounded, 45% to hit)
You shoot a stone. The stone barely misses the goblin.
The bat hits you. The goblin barely misses you.
Unknown command.
The bat hits you but does no damage.
Fire: 33 stones
Press: ? - help, Q - select action, (/) - cycle Shift-Dir - straight line, f/p - goblin
Aim: a goblin, wielding a +0 club (moderately wounded, 45% to hit)
You shoot a stone. The stone closely misses the goblin.
The bat hits you but does no damage.
Fire: 32 stones
Press: ? - help, Q - select action, (/) - cycle Shift-Dir - straight line, f/p - goblin
Aim: a goblin, wielding a +0 club (moderately wounded, 45% to hit)
You shoot a stone. The stone closely misses the bat.
The stone misses the goblin.
The bat hits you but does no damage. The goblin barely misses you.
Casting: Summon Small Mammal (safe; 12% risk of failure)
Confirm with . or Enter, or press ? or * to list all spells.
The bat hits you but does no damage. The bat misses your rat.
The bat misses you. The goblin closely misses you.
Casting: Summon Small Mammal (safe; 12% risk of failure)
Confirm with . or Enter, or press ? or * to list all spells.
You don't have enough magic to cast this spell.
Casting: Summon Small Mammal (safe; 12% risk of failure)
Confirm with . or Enter, or press ? or * to list all spells.
You don't know that spell.
The bat barely misses you. The bat closely misses you.
Your rat closely misses the goblin.
Unknown command.
Casting: Summon Small Mammal (safe; 12% risk of failure)
Confirm with . or Enter, or press ? or * to list all spells.
You don't have enough magic to cast this spell.
The bat hits you but does no damage. The bat barely misses you.
Your rat closely misses the bat.
The bat hits you but does no damage.
Your rat closely misses the goblin.
Unknown command.
Unknown command.
Unknown command.
Are you sure you want to abandon this character and quit the game? (Confirm with "yes".)

####.#.##.# ..............((
#......##..##..........[.....
#.##.#####.#..........?....#
.##.# #.#>..............#.
.##.# #.#.................
##.#..# #.# ...... ......#.#
#..#.## #.## ...###.......#
#>##.######..#####.#.(.#
##.†............@b.K.(###
.........#.......g..###
.........#........r.#
.........#..........#
##########..........#
#..........# #..........#
#........).# ############


You could see a goblin, a bat (ally target), a kobold and a friendly rat
(summoned).

Vanquished Creatures
  A hobgoblin (D:1)
1 creature vanquished.

Notes
Turn   | Place    | Note
-------+----------+-------------------------------------------
     0 | D:1      | eustatius the Troll Wanderer began the quest for the Orb.
     0 | D:1      | eustatius set off with the following items: a +0 hunting
                  | sling, 18 sling bullets, a +0 hat, a +0 robe; and the
                  | following spell memorised: Summon Small Mammal; and the
                  | following spells available to memorise: Summon Guardian
                  | Golem, Summon Lightning Spire
     0 | D:1      | Reached XP level 1. HP: 19/19 MP: 1/1
    52 | D:1      | Reached skill level 3 in Summonings
    95 | D:1      | Quit the game

Illustrated notes

Levels and vault maps discovered:
D:1:      dpeg_arrival_pond, layout_rooms,
          hellmonk_ecumenical_altar_heavens_door

Skill      XL: |  1 |
---------------+----+-----
Summonings     | 3 |  3.0
Fighting       | |  1.0
Slings         | |  1.0
Dodging        | |  1.5
Spellcasting   | |  1.0
Evocations     | |  1.0

Action                   || total
-------------------------++-------
 Fire: Hunting sling     ||    13
 Cast: Summon Small Mamm ||     1
Armor: Robe              ||    10
Dodge: Dodged            ||    14

Table legend: (Time is in decaauts)
 A = Elapsed time spent in this place.
 B = Non-inter-level travel time spent in this place.
 C = Inter-level travel time spent in this place.
 D = Time resting spent in this place.
 E = Time spent auto-exploring this place.
 F = Levels seen in this place.
 G = Mean time per level.
                   A        B        C        D        E       F      G
               +--------+--------+--------+--------+--------+-----+--------+
         Total |     97 |     97 |      0 |      0 |      9 |   1 |   97.0 |
       Dungeon |     97 |     97 |      0 |      0 |      9 |   1 |   97.0 |
               +--------+--------+--------+--------+--------+-----+--------+

Top non-repeatable levels by time:
     D:1: 97 daAuts
